 Dungeon Crawl Stone Soup version 0.20.0-15-g7f486f2 (webtiles) character file.

89 Naow the Magician (level 4, -2/24 HPs)
             Began as a Deep Elf Earth Elementalist on June 10, 2017.
             Slain by Kosschaser's ghost (14 damage)
             ... on level 3 of the Dungeon.
             The game lasted 00:04:28 (2443 turns).

Naow the Magician (Deep Elf Earth Elementalist)     Turns: 2443, Time: 00:04:29

Health: -2/24      AC:  2    Str:  5    XL:     4   Next: 31%
Magic:  4/13       EV: 13    Int: 21    God:
Gold:   103        SH:  0    Dex: 15    Spells: 7/13 levels left

rFire    . . .     SeeInvis .   (no weapon)
rCold    . . .     Gourm    .   (no shield)
rNeg     . . .     Faith    .   c - +0 robe
rPois    .         Spirit   .   (no helmet)
rElec    .         Reflect  .   (no cloak)
rCorr    .         Harm     .   (no gloves)
MR       .....                  (no boots)
Stlth    ++........             (no amulet)
Regen    0.1/turn               (no ring)
MPRegen  0.2/turn               (no ring)

@: no status effects
A: no striking features
a: no special abilities


You were on level 3 of the Dungeon.
You were hungry.

You visited 1 branch of the dungeon, and saw 3 of its levels.

You collected 103 gold pieces.

Inventory:

Missiles
 b - 62 stones (quivered)
Armour
 c - a +0 robe (worn)
Scrolls
 f - 3 scrolls of remove curse {unknown}
 g - 2 scrolls of identify {unknown}
 i - 2 scrolls of fog {unknown}
 j - a scroll of recharging {unknown}
 k - a scroll of amnesia {unknown}
Potions
 a - a potion of curing
 h - a potion of cancellation {unknown}
 l - 2 potions of flight
 m - a potion of haste {unknown}
 o - a potion of lignification {unknown}
Books
 e - a book of Geomancy

   Spells                             Type                      Level
   a - Sandblast                      Earth                        1
   b - Passwall                       Transmutation/Earth          2
   c - Stone Arrow                    Conjuration/Earth            3
   d - Petrify                        Transmutation/Earth          4
   e - Lee's Rapid Deconstruction     Earth                        5
Comestibles
 d - 3 bread rations
 n - a royal jelly


   Skills:
 - Level 2.4 Dodging
 - Level 2.4 Stealth
 + Level 5.1 Spellcasting
 - Level 1.1 Transmutations
 + Level 4.4 Earth Magic


You had 7 spell levels left.
You knew the following spells:

 Your Spells              Type           Power        Failure   Level  Hunger
a - Sandblast             Erth           ###...       1%          1    None
b - Stone Arrow           Conj/Erth      ##....       13%         3    ##.....
c - Passwall              Tmut/Erth      ###.......   4%          2    None


Dungeon Overview and Level Annotations

Branches:
Dungeon (3/15)

Altars:

Annotations:
D:3 Kosschaser's ghost, amateur GrFi


Message History

Confirm with . or Enter, or press ? or * to list all spells.
Aiming: Sandblast
Press: ? - help, Shift-Dir - straight line, f/p - Kosschaser's ghost
Aim: Kosschaser's ghost (severely damaged)
The blast of sand hits Kosschaser's ghost.
Kosschaser's ghost is severely damaged.
b - 63 stones Kosschaser's ghost hits you!
Ouch! That really hurt!
Casting: Sandblast
Confirm with . or Enter, or press ? or * to list all spells.
Aiming: Sandblast
Press: ? - help, Shift-Dir - straight line, f/p - Kosschaser's ghost
Aim: Kosschaser's ghost (severely damaged)
The blast of sand hits Kosschaser's ghost.
Kosschaser's ghost is severely damaged.
b - 62 stones Kosschaser's ghost hits you!
Ouch! That really hurt!
You die...

######## #......#
####......######
.....!....#....#
#.......#....#
##......#..[.#
####......#....# .
..##......@.<..# ..
#.##[....W#....#
#.####.##......#....#
#..).#.###....#######
##.##.........##
##..........###
#..#......##
#.....##..## ......
#...#


You could see Kosschaser's ghost.

Vanquished Creatures
  3 adders (D:2)
  3 worms
  A dart slug (D:1)
  2 leopard geckos
  3 giant cockroaches
  6 goblins
  7 hobgoblins
  3 jackals (D:2)
  2 quokkas (D:2)
  4 bats
  5 frilled lizards
  3 kobolds
  7 rats
49 creatures vanquished.

Notes
Turn   | Place    | Note
-------+----------+-------------------------------------------
     0 | D:1      | Naow the Deep Elf Earth Elementalist began the quest for the Orb.
     0 | D:1      | Reached XP level 1. HP: 10/10 MP: 6/6
   363 | D:1      | Reached XP level 2. HP: 13/15 MP: 0/8
   929 | D:1      | Reached skill level 4 in Spellcasting
  1116 | D:2      | Reached XP level 3. HP: 19/19 MP: 6/10
  1238 | D:2      | Learned a level 3 spell: Stone Arrow
  1241 | D:2      | Learned a level 2 spell: Passwall
  1676 | D:2      | Reached XP level 4. HP: 8/24 MP: 0/12
  1958 | D:2      | Reached skill level 5 in Spellcasting
  2004 | D:3      | Noticed Kosschaser's ghost (amateur GrFi)
  2443 | D:3      | Slain by Kosschaser's ghost

Skill      XL: |  1  2  3  4 |
---------------+-------------+-----
Spellcasting   | 4 5 |  5.1
Earth Magic    | 4 |  4.4
Dodging        | |  2.4
Stealth        | |  2.4
Transmutations | |  1.1

Action                   |  1- 3 |  4- 6 || total
-------------------------+-------+-------++-------
Melee: Unarmed           |     9 |       ||     9
 Cast: Sandblast         |    46 |    14 ||    60
       Stone Arrow       |     7 |     2 ||     9
  Use: Potion            |     2 |       ||     2
  Eat: Chunk             |     2 |     2 ||     4
Armor: Robe              |     6 |       ||     6
Dodge: Dodged            |    16 |    15 ||    31
